 Dungeon Crawl Stone Soup version 0.32-a0-872-g59262bdc9b (webtiles) character file.

Game seed: 4271358707734256789

4202 smashvw the Fighter (level 10, 0/93 HPs)
             Began as a Ghoul Monk on Mar 30, 2024.
             Was a Believer of Ru.
             Slain by a yak (12 damage)
             ... on level 8 of the Dungeon on Mar 31, 2024.
             The game lasted 00:23:40 (7518 turns).

smashvw the Fighter (Ghoul Monk)                    Turns: 7518, Time: 00:23:41

Health: 0/93       AC: 14    Str: 25 (26) XL:     10   Next: 29%
Magic:  10/10      EV:  7    Int:  6 (9)  God:    Ru [**....]
Gold:   554        SH:  0    Dex: 10 (11) Spells: 9/9 levels left

rFire   x .          .
                       - Unarmed
rCold   . . .        (no shield)
rNeg    + + +        f - +0 plate armour
rPois   ∞            (no helmet)
rElec   .            j - +0 cloak
rCorr   .            (no gloves)
SInv    .            (no boots)
Will    .....        w - amulet of regeneration Stlth
                     a - +6 ring of strength
HPRegen 0.00/turn    C - +4 ring of slaying
MPRegen 0.12/turn

%: no passive effects
@: inhibited regen
A: claws 1, cold resistance 1, negative energy resistance 3, inhibited
regeneration, torment resistance 2, temperature sensitive, devour on kill
a: Renounce Religion


You were on level 8 of the Dungeon.
You worshipped Ru.
Ru was pleased with you.
You visited 1 branch of the dungeon, and saw 9 of its levels.

You collected 554 gold pieces.

Inventory:

Missiles
 E - 2 throwing nets (quivered)
Armour
 c - an orb of light
 f - a +0 plate armour (worn)
 j - a +0 cloak (worn)
Jewellery
 a - a +6 ring of strength (left claw)
 d - an amulet of reflection
 e - an amulet of faith
 w - an amulet of regeneration (around neck)
 y - a ring of flight
 z - a ring of protection from cold
 C - a +4 ring of slaying (right claw)
Wands
 D - a wand of charming (13)
 G - a wand of polymorph (5)
Scrolls
 h - a scroll of immolation
 i - a scroll of noise
 k - 5 scrolls of amnesia
 l - 2 scrolls of teleportation
 m - a scroll of enchant armour
 q - a scroll of torment {unknown}
 r - 2 scrolls of brand weapon {unknown}
 s - a scroll of blinking {unknown}
 t - 3 scrolls of poison {unknown}
 v - 2 scrolls of enchant weapon {unknown}
Potions
 b - 3 potions of ambrosia
 g - a potion of brilliance
 n - 3 potions of curing
 o - 2 potions of berserk rage
 p - 2 potions of heal wounds
 u - a potion of resistance {unknown}
 x - a potion of mutation
 A - 2 potions of haste
 F - a potion of enlightenment {unknown}


   Skills:
 - Level 10.0 Fighting
 + Level 7.5 Armour
 - Level 2.6 Dodging
 + Level 9.9 Unarmed Combat


You had 9 spell levels left.
You didn't know any spells.
Your spell library contained the following spells:

 Spells                   Type           Power      Damage    Failure   Level
 Slow                     Hex            0%         N/A       99%         1
 Summon Small Mammal      Summ           0%         N/A       99%         1
 Static Discharge         Conj/Air       0%         3-3/arc   100%        2
 Call Canine Familiar     Summ           0%         N/A       100%        3
 Confusing Touch          Hex            0%         N/A       100%        3
 Vampiric Draining        Necr           0%         2d6       100%        3
 Airstrike                Air            0%         2d(0-16)  100%        4
 Olgreb's Toxic Radiance  Alch           0%         N/A       100%        4
 Summon Blazeheart Golem  Fire/Summ      0%         N/A       100%        4
 Summon Lightning Spire   Summ/Air       0%         N/A       100%        4
 Ozocubu's Refrigeration  Ice            0%         4d7       100%        7
 Discord                  Hex            0%         N/A       100%        8


Dungeon Overview and Level Annotations

Branches:
Dungeon (9/15)             Temple (0/1) D:5            Lair (0/5) D:8
    Orc: D:9-12

Altars:
Ashenzari
Dithmenos
Nemelex Xobeh
Okawaru
Qazlal
Ru
Sif Muna
Trog
Uskayaw
Vehumet

Shops:
D:4 :(   D:8 (


Innate Abilities, Weirdness & Mutations

You are immune to poison.
You have sharp fingernails.
Your flesh is cold resistant. (rC+)
You are immune to negative energy. (rN+++)
You do not regenerate when monsters are visible.
You are immune to unholy pain and torment.
You are sensitive to extremes of temperature. (rF-, rC-)
You thrive by killing the living.


Message History

There was something very wrong with that liquid.
You feel weakened.
You feel dopey.
You feel clumsy. The yak closely misses you.
The yak gores you but does no damage.
You scratch the yak. You claw the yak, but do no damage.
The yak is lightly wounded.
The yak gores you.
You claw the yak!
The yak is severely wounded.
The yak gores you!
You mangle the yak!!
You kill the yak!
The yak gores you.
Training target 10.0 for Fighting reached!
Your Fighting skill increases to level 10!
You scratch the yak.
The yak is lightly wounded.
The yak barely misses you. The yak gores you!
* * * LOW HITPOINT WARNING * * *
You focus your inner power and illuminate the yak in retribution!
You feel better. The yak gores you but does no damage. The yak gores you.
* * * LOW HITPOINT WARNING * * *
You claw the yak!
The yak is heavily wounded.
The yak gores you but does no damage. x2
You scratch the yak.
The yak is severely wounded.
The yak stops glowing.
The yak gores you but does no damage.
You claw the yak!
You kill the yak!
You feel better. The yak gores you!
* * * LOW HITPOINT WARNING * * *
You claw the yak!
The yak is moderately wounded.
The yak gores you.
* * * LOW HITPOINT WARNING * * *
You closely miss the yak.
The yak is moderately wounded.
The yak gores you!
You die...
Ru respects your ultimate sacrifice.

###..## #.........#
#..#. ##..# #.........#
#..## ##.###
#.........###....
#...####......[.........
###.............######.#
#####....))[..+.......
#.........#######.
#Y#..#.........##.
#@†..#...#####.##.
########.#####....
#.............
#.##.#####.... #.#)[###
#.### #..)[).# #.#<.
#......# #.#.. #......#
#.#.. #......# #....


You could see a yak.

Vanquished Creatures
  A komodo dragon (D:8)
  A slime creature (D:8)
  A basilisk (D:8)
  7 yaks
  Edmund (D:4)
  Duvessa (D:4)
  3 orc warriors
  2 black bears
  2 sky beasts
  2 centaurs
  7 bullfrogs
  A kobold brigand (D:6)
  A gnoll sergeant (D:8)
  A scorpion (D:5)
  Dowan (D:4)
  3 howler monkeys
  3 hounds
  A bombardier beetle (D:6)
  A gnoll bouda (D:6)
  4 orc priests
  2 sleepcaps
  2 iguanas
  7 orc wizards
  13 gnolls
  6 adders
  A shadow imp (D:6)
  2 white imps (D:7)
  4 ufetubi
  A ribbon worm (D:4)
  2 dart slugs
  31 orcs
  2 bats
  9 endoplasms
  A giant cockroach (D:3)
  6 hobgoblins
  3 jackals (D:5)
  4 quokkas
  7 ball pythons
  5 frilled lizards
  5 goblins
  5 kobolds
  10 rats
172 creatures vanquished.

Vanquished Creatures (others)
  A kobold (D:6)
1 creature vanquished.

Grand Total: 173 creatures vanquished

Notes
Turn   | Place    | Note
-------+----------+-------------------------------------------
     0 | D:1      | smashvw the Ghoul Monk began the quest for the Orb.
     0 | D:1      | Reached XP level 1. HP: 19/19 MP: 1/1
   209 | D:1      | Reached XP level 2. HP: 22/26 MP: 2/2
   960 | D:2      | Reached XP level 3. HP: 33/33 MP: 3/3
  1071 | D:2      | Reached skill level 4 in Fighting
  1130 | D:2      | Found a stormy altar of Qazlal.
  1540 | D:3      | Reached skill level 1 in Armour
  1567 | D:3      | Reached XP level 4. HP: 38/40 MP: 4/4
  2019 | D:3      | Found an iron altar of Okawaru.
  2259 | D:3      | Reached XP level 5. HP: 34/47 MP: 5/5
  2363 | D:4      | Found a sacrificial altar of Ru.
  2366 | D:4      | Became a worshipper of Ru the Awakened
  2391 | D:4      | Gained mutation: You are sensitive to extremes of
                  | temperature. (rF-, rC-) [Ru sacrifice]
  2391 | D:4      | Reached * piety under Ru
  2391 | D:4      | Reached ** piety under Ru
  2393 | D:4      | Found Juwkiak's Vocational Training.
  2538 | D:4      | Reached skill level 5 in Fighting
  2538 | D:4      | Reached skill level 5 in Unarmed Combat
  2538 | D:4      | Reached XP level 6. HP: 56/56 MP: 6/6
  2642 | D:4      | Found Umea's Weapon Emporium.
  2773 | D:4      | Noticed Duvessa
  2773 | D:4      | Noticed Dowan
  2791 | D:4      | Killed Duvessa
  2799 | D:4      | Killed Dowan
  2993 | D:4      | Found a bloodstained altar of Trog.
  3021 | D:4      | Noticed a black bear
  3027 | D:4      | Killed a black bear
  3028 | D:4      | Reached XP level 7. HP: 62/62 MP: 7/7
  3110 | D:4      | Noticed Edmund
  3120 | D:4      | Killed Edmund
  3121 | D:4      | Reached skill level 6 in Fighting
  3239 | D:5      | Entered Level 5 of the Dungeon
  3239 | D:5      | Found a sparkling altar of Nemelex Xobeh.
  3264 | D:5      | Found a staircase to the Ecumenical Temple.
  3364 | D:5      | Identified the +1 mace of Responsibility {drain, Int+3}
  3706 | D:5      | Noticed a yak
  3731 | D:5      | Killed a yak
  3732 | D:5      | Reached XP level 8. HP: 58/71 MP: 8/8
  4175 | D:5      | Found a broken altar of Ashenzari.
  4193 | D:5      | Found a radiant altar of Vehumet.
  4199 | D:5      | Found a shadowy altar of Dithmenos.
  4208 | D:5      | Found a hide-covered altar of Uskayaw.
  4602 | D:6      | Reached skill level 7 in Fighting
  4817 | D:6      | Reached skill level 5 in Armour
  5147 | D:6      | Found a shimmering blue altar of Sif Muna.
  5382 | D:7      | Reached XP level 9. HP: 51/81 MP: 9/9
  5496 | D:7      | Reached skill level 8 in Fighting
  6395 | D:8      | Reached skill level 9 in Fighting
  6455 | D:8      | Noticed a komodo dragon
  6829 | D:8      | Killed a komodo dragon
  6897 | D:8      | Found Ytowkaox's Antique Weapon Shoppe.
  7003 | D:8      | Reached XP level 10. HP: 91/91 MP: 10/10
  7161 | D:8      | Identified the +0 chain mail of Rameot {+Inv rC- SInv}
  7191 | D:8      | Found a staircase to the Lair.
  7494 | D:9      | Noticed a two-headed ogre
  7512 | D:8      | Reached skill level 10 in Fighting
  7518 | D:8      | Slain by a yak

Illustrated notes

Levels and vault maps discovered:
D:1:      matt_arrival_grand_opening, layout_basic, minmay_misc_feat_room
D:2:      layout_basic, basic_altar
D:3:      layout_loops_ring, hellmonk_okawaru_the_only_friend_you_need,
          grunt_ministairs_14, minmay_tree_intersection
D:4:      layout_loops_cross, mainiacjoe_overflow_24_doors,
          hangedman_ru_absence, serial_shops, nicolae_take_the_stairs,
          grunt_ministairs_8, nicolae_shop_vocational, uniq_duvessa, uniq_edmund
D:5:      cheibrodos_two_vegetables, layout_rooms,
          nemelex_xobeh_ov_fountains_minmay,
          nicolae_overflow_hallway_of_the_gods, minmay_temple_entry_trees
D:6:      layout_rooms, nicolae_overflow_hidden_temple
D:7:      layout_loops_ring
D:8:      layout_basic, david_lair_shrubbed, serial_shops, shop,
          minmay_microvault
D:9:      layout_cave_pools

Skill      XL: |  1  2  3  4  5  6  7  8  9 10 |
---------------+-------------------------------+-----
Fighting       | 4 5 6 7 9 10 | 10.0
Unarmed Combat | 4 5 6 7 9 |  9.9
Armour         | 1 2 3 4 5 7 |  7.5
Dodging        | |  2.6

Action                     |  1- 3 |  4- 6 |  7- 9 | 10-12 || total
---------------------------+-------+-------+-------+-------++-------
  Melee: Unarmed           |    87 |   106 |   288 |    61 ||   542
         Punch             |       |       |       |     3 ||     3
 Invoke: Sacrifice Resista |       |     1 |       |       ||     1
    Use: Scroll            |       |     3 |     7 |       ||    10
         Potion            |       |     1 |     4 |     2 ||     7
   Stab: Invisible         |       |       |     1 |       ||     1
 Armour: Plate armour      |    50 |    90 |   302 |    80 ||   522
         Robe              |     3 |       |       |       ||     3
  Dodge: Dodged            |    20 |    27 |    99 |    31 ||   177
  Block: Other             |       |       |     1 |       ||     1

Table legend: (Time is in decaauts)
 A = Elapsed time spent in this place.
 B = Non-inter-level travel time spent in this place.
 C = Inter-level travel time spent in this place.
 D = Time resting spent in this place.
 E = Time spent auto-exploring this place.
 F = Levels seen in this place.
 G = Mean time per level.
                   A        B        C        D        E       F      G
               +--------+--------+--------+--------+--------+-----+--------+
         Total |   7481 |   7011 |    470 |    892 |   4960 |   9 |  831.2 |
       Dungeon |   7481 |   7011 |    470 |    892 |   4960 |   9 |  831.2 |
               +--------+--------+--------+--------+--------+-----+--------+

Top non-repeatable levels by time:
     D:8: 1323 daAuts
     D:5: 1322 daAuts
     D:4: 919 daAuts
     D:3: 875 daAuts
     D:1: 854 daAuts
     D:6: 819 daAuts
     D:7: 789 daAuts
     D:2: 560 daAuts
     D:9: 17 daAuts
